 Dungeon Crawl Stone Soup version 0.22-a0-248-gc8378ba3fb (webtiles) character file.

0 MrRokkomies the Skirmisher (level 1, -4/18 HPs)
             Began as a Formicid Abyssal Knight on Feb 28, 2018.
             Was a Follower of Lugonu.
             Slain by an ufetubus (5 damage)
             ... summoned by a ynoxinul
             ... on level 4 of the Abyss.
             The game lasted 00:00:44 (232 turns).

MrRokkomies the Skirmisher (Formicid Abyssal Knight) Turns: 232, Time: 00:00:45

Health: -4/18      AC:  3    Str: 16    XL:     1   Next: 0%
Magic:  2/2        EV: 11    Int: 11    God:    Lugonu [*.....]
Gold:   0          SH:  0    Dex: 10    Spells: 0/0 levels left

rFire    . . .     SeeInvis +   a - +1 hand axe
rCold    . . .     Gourm    .   (no shield)
rNeg     . . .     Faith    .   b - +0 leather armour
rPois    .         Spirit   .   (helmet unavailable)
rElec    .         Reflect  .   (no cloak)
rCorr    .         Harm     .   (no gloves)
MR       .....                  (no boots)
Stlth    +.........             (no amulet)
HPRegen  0.06/turn              (no ring)
MPRegen  0.08/turn              (no ring)

@: no status effects
A: permanent stasis, dig shafts and tunnels, four strong arms, antennae 3
a: Dig, Shaft Self, Depart the Abyss, Renounce Religion


You were on level 4 of the Abyss.
You worshipped Lugonu.
Lugonu was aware of your devotion.
You were not hungry.

You visited 0 branches of the dungeon, and saw 0 of its levels.
You visited the Abyss 1 time.

Inventory:

Hand Weapons
 a - a +1 hand axe (weapon)
Armour
 b - a +0 leather armour (worn)
Comestibles
 c - 3 rations


   Skills:
 + Level 3.2 Fighting
 + Level 2.0 Axes
 + Level 2.1 Armour
 + Level 0.8 Dodging
 + Level 2.1 Invocations


You couldn't memorise any spells.
You didn't know any spells.

Dungeon Overview and Level Annotations

Branches:
Dungeon (0/15)

Altars:


Innate Abilities, Weirdness & Mutations

You cannot be hasted, slowed, berserked, paralysed or teleported.
You can dig through walls and to a lower floor.
Your four strong arms can wield two-handed weapons with a shield.
You have a pair of large antennae on your head. (SInv)


Message History

The ufetubus hits you but does no damage.
The ufetubus barely misses you. x2
The ufetubus completely misses you. The ufetubus barely misses you.
The ufetubus hits you.
* * * LOW HITPOINT WARNING * * *
The ufetubus hits you.
* * * LOW HITPOINT WARNING * * *
Found a shiny glass wand.
Found 15 gold pieces.
The ufetubus barely misses you. The ufetubus misses you.
Found an inky potion.
The ufetubus disappears in a puff of smoke!
Found a gateway leading deeper into the Abyss.
The ufetubus misses you. The ufetubus hits you.
* * * LOW HITPOINT WARNING * * *
The ufetubus disappears in a puff of smoke!
The ufetubus barely misses you.
The ufetubus hits you but does no damage.
The ufetubus hits you.
You die...

... .. ... ..
#.# ##.## #.#
...###...###...
...!#.....#....
#.
....>...........
#.....# ...
#.@.# ...# ##5##
##.## .
##/..###...## #.
.#...ยง.#.....#
. ...$.........#
#..#
....#.....#...#
# ..##
...###...###..#
{ . ..# ###.#
##.## ##X.#
#.#.#.. .#. ##
#.#.##.###


You could see a tentacled starspawn and an ufetubus.

Vanquished Creatures (others)
  10 starspawn tentacles (Abyss:4)
10 creatures vanquished.

Notes
Turn   | Place    | Note
-------+----------+-------------------------------------------
     0 | Abyss:1  | MrRokkomies the Formicid Abyssal Knight began the quest for the Orb.
     0 | Abyss:1  | Reached XP level 1. HP: 18/18 MP: 2/2
   128 | Abyss:3  | Noticed a crimson imp
   129 | Abyss:3  | Noticed a rakshasa
   179 | Abyss:4  | Noticed a tentacled starspawn
   191 | Abyss:4  | Noticed a ynoxinul
   232 | Abyss:4  | Slain by an ufetubus

Vault maps used:
Abyss:3:  evilmike_abyss_exit_12, minivault_24
Abyss:4:  kilobyte_mutagenic_chamber, grunt_abyss_rune_wretched_hive,
          hangedman_summoners_spam

Action                   || total
-------------------------++-------
Armor: Leather armour    ||     4
Dodge: Dodged            ||    18

Table legend:
 A = Spawn XP
 B = Non-spawn XP
 C = Spawn XP percentage of total XP
 D = Spawn monster count
 E = Non-spawn monster count
 F = Spawn count percentage of total count
 G = Total turns spent on level
                    A         B        C        D         E        F      G
               +---------+---------+-------+---------+---------+-------+---------
         Total |       0 |       0 |   N/A |       0 |       0 |   N/A |   232
               +---------+---------+-------+---------+---------+-------+---------
               +---------+---------+-------+---------+---------+-------+---------
